 Dungeon Crawl Stone Soup version 0.30-a0-165-g1891117ce2 (webtiles) character file.

Game seed: 12089030396608120110

2762 Belterius the Fighter (level 9, -1/82 HPs)
             Began as a Minotaur Fighter on Sept 28, 2022.
             Slain by a gnoll sergeant
             ... wielding a +3 spear of venom
              (3 damage)
             ... on level 7 of the Dungeon.
             The game lasted 00:10:29 (5338 turns).

Belterius the Fighter (Minotaur Fighter)            Turns: 5338, Time: 00:10:29

Health: -1/82      AC: 13    Str: 25    XL:     9   Next: 42%
Magic:  7/8        EV:  9    Int:  5    God:
Gold:   279        SH:  6    Dex: 10    Spells: 8/8 levels left

rFire   . . .      SeeInvis +    a - +0 war axe
rCold   . . .      Faith    .    c - +0 buckler
rNeg    . . .      Spirit   .    b - +0 scale mail
rPois   .          Reflect  .    (helmet restricted)
rElec   .          Harm     .    n - +0 cloak
rCorr   .          Rampage  .    G - +1 pair of gloves {infuse}
Will    .....                    D - +0 pair of boots
Stlth   ..........               (no amulet)
HPRegen 0.23/turn                C - ring of see invisible
MPRegen 0.11/turn                (no ring)

@: lethally poisoned (-1 -> -10)
A: horns 2, retaliatory headbutt
a: no special abilities


You were on level 7 of the Dungeon.
You visited 1 branch of the dungeon, and saw 7 of its levels.
You also visited: Sewer.

You collected 279 gold pieces.

Inventory:

Hand Weapons
 a - a +0 war axe (weapon)
Missiles
 f - 2 throwing nets (quivered)
Armour
 b - a +0 scale mail (worn)
 c - a +0 buckler (worn)
 e - a +0 pair of gloves
 n - a +0 cloak (worn)
 D - a +0 pair of boots (worn)
 G - a +1 pair of gloves of infusion (worn)
Jewellery
 C - a ring of see invisible (left hand)
Wands
 w - a wand of light (7)
 y - a wand of flame (18)
 F - a wand of digging (5)
Scrolls
 d - 2 scrolls of immolation {unknown}
 g - 4 scrolls of teleportation {unknown}
 h - 2 scrolls of enchant weapon {unknown}
 i - a scroll of summoning {unknown}
 l - 5 scrolls of identify {unknown}
 o - 2 scrolls of brand weapon {unknown}
 s - a scroll of fog {unknown}
 u - a scroll of fear {unknown}
 v - 2 scrolls of noise {unknown}
 x - a scroll of vulnerability {unknown}
 A - a scroll of magic mapping {unknown}
Potions
 j - 3 potions of berserk rage {unknown}
 k - 2 potions of cancellation {unknown}
 m - 2 potions of mutation {unknown}
 p - 3 potions of curing {unknown}
 q - 3 potions of brilliance
 r - a potion of ambrosia {unknown}
 t - a potion of invisibility {unknown}
 z - 2 potions of might
 B - a potion of flight {unknown}
 E - 2 potions of lignification {unknown}


   Skills:
 + Level 8.6 Fighting
 + Level 8.1 Axes
 + Level 8.6 Armour
 + Level 8.6 Shields


You had 8 spell levels left.
You didn't know any spells.
Your spell library contained the following spells:

 Spells                   Type           Power      Damage    Failure   Level
 Frozen Ramparts          Ice            0%         1d1       99%         3
 Kindle Blastsparks       Fire/Tloc/Air  0%         2d10      99%         3
 Portal Projectile        Hex/Tloc       0%         N/A       99%         3
 Tukima's Dance           Hex            0%         N/A       99%         3
 Fulminant Prism          Conj/Hex       0%         3d6       100%        4
 Ice Form                 Ice/Tmut       0%         N/A       100%        4
 Iskenderun's Mystic Bla  Conj/Tloc      0%         2d3       100%        4
 Summon Ice Beast         Ice/Summ       0%         N/A       100%        4
 Blade Hands              Tmut           0%         N/A       100%        5
 Lee's Rapid Deconstruct  Erth           0%         3d5*      100%        5


Dungeon Overview and Level Annotations

Branches:
Dungeon (8/15)              Sewer (visited)
 Temple: D:4-7         Lair: D:8-11

Altars:
Nemelex Xobeh
Yredelemnul

Shops:
D:3 *[   D:8 *


Innate Abilities, Weirdness & Mutations

You have a pair of horns on your head.
You reflexively headbutt those who attack you in melee.


Message History

The gnoll hits you but does no damage.
The gnoll sergeant hits you from afar with a +3 spear of venom!
You are poisoned.
You feel sick.
You feel sick. You block the gnoll's attack.
The gnoll sergeant hits you from afar with a +3 spear of venom.
You are more poisoned.
You completely miss the gnoll. You headbutt the gnoll!
The gnoll is heavily wounded.
You feel very sick.
The gnoll sergeant hits you from afar with a +3 spear of venom!
You block the gnoll's attack.
You hit the gnoll.
The gnoll is almost dead.
You feel very sick. The gnoll misses you.
The gnoll sergeant hits you from afar with a +3 spear of venom.
You are more poisoned.
You closely miss the gnoll. You headbutt the gnoll.
You kill the gnoll!
You feel extremely sick.
The gnoll sergeant hits you from afar with a +3 spear of venom.
You are lethally poisoned!
* * * LOW HITPOINT WARNING * * *
You feel extremely sick. The gnoll attacks as you move away!
The gnoll barely misses you.
* * * LOW HITPOINT WARNING * * *
You feel very sick. The gnoll attacks as you move away!
The gnoll hits you with a +0 flail.
* * * LOW HITPOINT WARNING * * *
x2 You feel very sick.
* * * LOW HITPOINT WARNING * * *
You feel very sick.
* * * LOW HITPOINT WARNING * * *
You feel very sick.
There is a stone staircase leading down here.
* * * LOW HITPOINT WARNING * * *
You feel sick.
The gnoll sergeant hits you from afar with a +3 spear of venom.
You die...

## #.. #####
#...#########...#####
.(.....ggggg.........
#..#.g.##.......###..
#....o.##......>....
#.#....##..g....##
#......###..g@.##
#...#...........#
.................#
......o#...........#
###..#.#...#.........
#....#.)............
.....#####......
##... ..#...


You could see a gnoll sergeant and 4 gnolls.

Vanquished Creatures
  Grinder (D:3)
  Sigmund (D:3)
  11 yaks (D:8)
  A steam dragon (D:8)
  2 water moccasins
  A centaur (D:8)
  2 bullfrogs (D:8)
  A jelly (D:8)
  Jessica (D:3)
  Terence (D:3)
  An iguana (D:4)
  Robin (D:3)
  4 gnolls
  3 adders (D:2)
  A worm (D:2)
  2 dart slugs
  3 orcs (D:3)
  9 ball pythons
  6 endoplasms
  6 giant cockroaches
  19 goblins
  16 hobgoblins
  5 jackals
  3 quokkas
  9 bats
  4 frilled lizards
  4 kobolds
  8 rats
126 creatures vanquished.

Notes
Turn   | Place    | Note
-------+----------+-------------------------------------------
     0 | D:1      | Belterius the Minotaur Fighter began the quest for the Orb.
     0 | D:1      | Reached XP level 1. HP: 19/19 MP: 0/0
   127 | D:1      | Reached XP level 2. HP: 25/27 MP: 1/1
   576 | D:1      | Reached XP level 3. HP: 15/33 MP: 2/2
   880 | D:2      | Found a basalt altar of Yredelemnul.
   905 | D:2      | Found a faded altar of an unknown god.
  1006 | D:2      | Reached XP level 4. HP: 16/41 MP: 3/3
  1922 | D:3      | Noticed Robin
  2102 | D:3      | Killed Robin
  2103 | D:3      | Reached XP level 5. HP: 47/47 MP: 4/4
  2130 | D:3      | Found a glowing drain.
  2140 | Sewer    | Entered a sewer
  2216 | Sewer    | Noticed a water moccasin
  2228 | Sewer    | Killed a water moccasin
  2229 | Sewer    | Reached skill level 5 in Fighting
  2229 | Sewer    | Reached skill level 5 in Armour
  2229 | Sewer    | Reached skill level 5 in Shields
  2460 | D:3      | Found Liyx's General Store.
  2475 | D:3      | Noticed Grinder
  2480 | D:3      | Killed Grinder
  2481 | D:3      | Reached XP level 6. HP: 34/56 MP: 5/5
  2781 | D:3      | Noticed Sigmund
  2789 | D:3      | Killed Sigmund
  2790 | D:3      | Reached skill level 5 in Axes
  2790 | D:3      | Reached XP level 7. HP: 57/62 MP: 6/6
  2963 | D:3      | Noticed Terence
  2968 | D:3      | Killed Terence
  2976 | D:3      | Noticed Jessica
  2982 | D:3      | Killed Jessica
  3088 | D:3      | Found Mubifu's Armour Boutique.
  3961 | D:5      | Entered Level 5 of the Dungeon
  3965 | D:5      | You fall into a shaft and drop 3 floors!
  4002 | D:8      | Noticed a yak
  4014 | D:8      | Killed a yak
  4015 | D:8      | Reached XP level 8. HP: 49/71 MP: 7/7
  4694 | D:8      | Found Riosenk's Assorted Antiques.
  4746 | D:8      | Found a sparkling altar of Nemelex Xobeh.
  4868 | D:8      | Reached XP level 9. HP: 34/81 MP: 0/8
  5337 | D:7      | HP: 3/82 [poisoned by a gnoll sergeant]
  5338 | D:7      | Slain by a gnoll sergeant

Illustrated notes

Levels and vault maps discovered:
D:1:      noname_arrival_rooms_in_the_neighbourhood, layout_rooms,
          kennysheep_flooded_box, minmay_door_square, minmay_liquid_box
D:2:      layout_rooms, basic_altar, basic_ecumenical_altar
D:3:      corexii_shack_village, layout_rooms, serial_shops, nicolae_shop_trees,
          shop, cheibrodos_sewer_entry_drain, chequers_serial_rivers_large_b,
          uniq_robin, uniq_terence, uniq_grinder, uniq_sigmund, uniq_jessica
D:4:      layout_basic
D:5:      layout_cave_pools, minmay_temple_entry_statues_fountains,
          enter_ossuary_5
D:7:      layout_rooms, nicolae_elyvilon_peaceful_grove,
          minmay_shop_grid_forest, uniq_menkaure, uniq_joseph, uniq_maggie
D:8:      layout_loops_ring, nicolae_overflow_hidden_temple, serial_shops, shop,
          nicolae_fountain_basement

Skill      XL: |  1  2  3  4  5  6  7  8  9 |
---------------+----------------------------+-----
Shields        | 4 5 6 8 |  8.6
Fighting       | 4 5 6 8 |  8.6
Armour         | 4 5 6 8 |  8.6
Axes           | 3 4 5 6 7 8 |  8.1

Action                   |  1- 3 |  4- 6 |  7- 9 || total
-------------------------+-------+-------+-------++-------
Melee: War axe           |    77 |    83 |   122 ||   282
       Headbutt          |    15 |     9 |    28 ||    52
  Use: Potion            |     1 |     1 |     1 ||     3
Armor: Scale mail        |    40 |    42 |    53 ||   135
Dodge: Dodged            |    44 |    45 |    54 ||   143
Block: Buckler           |    25 |    26 |    31 ||    82

Table legend: (Time is in decaauts)
 A = Elapsed time spent in this place.
 B = Non-inter-level travel time spent in this place.
 C = Inter-level travel time spent in this place.
 D = Time resting spent in this place.
 E = Time spent auto-exploring this place.
 F = Levels seen in this place.
 G = Mean time per level.
                   A        B        C        D        E       F      G
               +--------+--------+--------+--------+--------+-----+--------+
         Total |   5467 |   5347 |    120 |   1579 |   2983 |   8 |  683.4 |
       Dungeon |   5178 |   5058 |    120 |   1467 |   2858 |   7 |  739.7 |
         Sewer |    289 |    289 |      0 |    112 |    125 |   1 |  289.0 |
               +--------+--------+--------+--------+--------+-----+--------+

Top non-repeatable levels by time:
     D:8: 1374 daAuts
     D:1: 1291 daAuts
     D:3: 932 daAuts
     D:2: 852 daAuts
     D:4: 708 daAuts
   Sewer: 289 daAuts
     D:7: 15 daAuts
     D:5: 3 daAuts
